 Dungeon Crawl Stone Soup version 0.26-a0-663-g36e8fdb655 (webtiles) character file.

Game seed: 15828965862470832816

420 Drevant2 the Changer (level 6, -2/43 HPs)
             Began as a Merfolk Transmuter on Oct 10, 2020.
             Slain by a gnoll (6 damage)
             ... on level 4 of the Dungeon.
             The game lasted 00:11:19 (6788 turns).

Drevant2 the Changer (Merfolk Transmuter)           Turns: 6788, Time: 00:11:19

Health: -2/43      AC:  2    Str:  9 (11) XL:     6   Next: 94%
Magic:  9/9        EV: 13    Int: 10 (13) God:
Gold:   174        SH:  0    Dex: 14 (15) Spells: 3/9 levels left

rFire    . . .     SeeInvis .     - Unarmed
rCold    . . .     Faith    .   (no shield)
rNeg     . . .     Spirit   .   a - +0 robe
rPois    .         Reflect  .   (helmet currently unavailable)
rElec    .         Harm     .   (no cloak)
rCorr    +         Rampage  .   (no gloves)
MR       .....                  (boots currently unavailable)
Stlth    +.........             h - amulet of the acrobat
HPRegen  0.14/turn              o - ring of resist corrosion
MPRegen  0.11/turn              (no ring)

@: appendages, stab
A: change form in water, swift swim, stealthy swim, horns 2
a: End Transformation


You were on level 4 of the Dungeon.
You had grown temporary horns.
You visited 1 branch of the dungeon, and saw 4 of its levels.

You collected 174 gold pieces.

Inventory:

Missiles
 j - 6 javelins (quivered)
Armour
 a - a +0 robe (worn)
 m - a +2 scale mail of cold resistance
Jewellery
 h - an amulet of the acrobat (around neck)
 o - a ring of resist corrosion (left hand)
Scrolls
 b - a scroll of fog {unknown}
 c - a scroll of random uselessness {unknown}
 d - a scroll of amnesia {unknown}
 f - a scroll of blinking
 i - 2 scrolls of fear
 k - 6 scrolls of identify
 l - 4 scrolls of remove curse
 n - a scroll of immolation {unknown}
 r - a scroll of magic mapping {unknown}
Potions
 e - 2 potions of berserk rage {unknown}
 g - 2 potions of haste


   Skills:
 - Level 1.1 Fighting
 - Level 2.9 Dodging
 + Level 5.4 Unarmed Combat
 - Level 2.1 Spellcasting
 * Level 7.7 Transmutations


You had 3 spell levels left.
You knew the following spells:

 Your Spells              Type           Power        Failure   Level
a - Beastly Appendage     Tmut           ###...       1%          1
b - Blade Hands           Tmut           ###.......   34%         5

Your spell library contained the following spells:

 Spells                   Type           Power        Failure   Level
 Wereblood                Tmut           ###.....     1%          2
 Spider Form              Tmut/Pois      #.........   19%         3
 Ice Form                 Ice/Tmut       #.......     54%         4


Dungeon Overview and Level Annotations

Branches:
Dungeon (4/15)
 Temple: D:4-7

Altars:

Annotations:
D:4 Sigmund


Innate Abilities, Weirdness & Mutations

You revert to your normal form in water.
You are very nimble and swift while swimming.
You are very stealthy in the water. (Stealth+)
You have a pair of horns on your head.


Message History

The gnoll is almost dead.
The gnoll misses you.
You hit the gnoll.
You kill the gnoll!
The gnoll closely misses you.
You hit the gnoll.
The gnoll is moderately wounded.
The gnoll hits you.
* * * LOW HITPOINT WARNING * * *
You hit the gnoll.
The gnoll is moderately wounded.
The gnoll barely misses you.
It was a potion of stabbing.
You feel ready to backstab. The gnoll closely misses you.
It was a potion of degeneration.
There was something very wrong with that liquid.
You feel weakened.
You feel dopey.
You feel clumsy. The gnoll hits you.
You die...

+..).......'...##.....##..#....
#..........#...##.....##..#....
#........##...##.....'...##..#
#........##...##.....#...##..#
..##...##...##..........#........
..##...##...##..........#.......#
..+.....#...#...........#.......#
..#.....#...##..)##.....##.......
..##....#...##.g@#########gg#####
..##...##...##....# #.gg##..#
..##...##...##....# #...#....
.......#....#....## ##..#...#
.......# ##...# #g.#...# .......#
#...# ...g..g..#.... .[##...#
#.... ..g......#.... ..######
#..<. .g.......#..). ..# #....
.........#...#


You could see a gnoll.

Vanquished Creatures
  An ogre (D:4)
  A scorpion (D:4)
  A hound (D:4)
  2 orc wizards (D:3)
  Ijyb (D:3)
  3 gnolls (D:4)
  3 adders
  A white imp (D:3)
  An ooze (D:1)
  A worm (D:2)
  2 dart slugs (D:2)
  2 leopard geckos
  11 orcs
  10 bats
  4 giant cockroaches
  13 goblins
  5 hobgoblins
  9 jackals
  A quokka (D:2)
  7 frilled lizards
  12 kobolds
  6 rats
97 creatures vanquished.

Notes
Turn   | Place    | Note
-------+----------+-------------------------------------------
     0 | D:1      | Drevant2 the Merfolk Transmuter began the quest for the
                  | Orb.
     0 | D:1      | Reached XP level 1. HP: 15/15 MP: 3/3
   183 | D:1      | Reached XP level 2. HP: 14/21 MP: 3/5
   190 | D:1      | Reached skill level 3 in Transmutations
   655 | D:1      | Reached XP level 3. HP: 14/26 MP: 6/6
  1542 | D:2      | Reached skill level 4 in Transmutations
  1816 | D:2      | Reached XP level 4. HP: 23/32 MP: 7/7
  3180 | D:3      | Noticed Ijyb
  3188 | D:3      | Paralysed by Ijyb for 2 turns
  3204 | D:3      | Paralysed by Ijyb for 3 turns
  3214 | D:3      | Paralysed by Ijyb for 5 turns
  3221 | D:3      | Killed Ijyb
  3221 | D:3      | Reached skill level 5 in Transmutations
  3538 | D:3      | Reached XP level 5. HP: 22/37 MP: 6/8
  3962 | D:3      | Noticed an orc warrior
  4183 | D:3      | Reached skill level 6 in Transmutations
  4677 | D:3      | Learned a level 5 spell: Blade Hands
  5140 | D:3      | Reached XP level 6. HP: 22/43 MP: 9/9
  5982 | D:4      | Reached skill level 5 in Unarmed Combat
  6457 | D:4      | Reached skill level 7 in Transmutations
  6743 | D:4      | Noticed Sigmund
  6788 | D:4      | Slain by a gnoll

Illustrated notes

Levels and vault maps discovered:
D:1:      dpeg_arrival_renting, layout_loops_ring
D:2:      layout_loops_ring, kennysheep_decorative_pillar, minmay_nonomino_d4
D:3:      layout_basic, uniq_ijyb
D:4:      layout_gridville, uniq_sigmund

Skill      XL: |  1  2  3  4  5  6 |
---------------+-------------------+-----
Transmutations | 3 4 5 6 7 |  7.7
Unarmed Combat | 4 5 |  5.4
Fighting       | |  1.1
Dodging        | |  2.9
Spellcasting   | |  2.1

Action                   |  1- 3 |  4- 6 || total
-------------------------+-------+-------++-------
Melee: Unarmed           |   148 |   303 ||   451
       Headbutt          |     9 |    43 ||    52
       Punch             |     1 |     6 ||     7
 Cast: Beastly Appendage |    13 |    25 ||    38
  Use: Scroll            |       |     7 ||     7
       Potion            |       |     3 ||     3
 Stab: Sleeping          |       |     1 ||     1
Armor: Robe              |    30 |    42 ||    72
Dodge: Dodged            |   109 |   200 ||   309

Table legend: (Time is in decaauts)
 A = Elapsed time spent in this place.
 B = Non-inter-level travel time spent in this place.
 C = Inter-level travel time spent in this place.
 D = Time resting spent in this place.
 E = Time spent auto-exploring this place.
 F = Levels seen in this place.
 G = Mean time per level.
                   A        B        C        D        E       F      G
               +--------+--------+--------+--------+--------+-----+--------+
         Total |   6743 |   6291 |    452 |   3438 |   1773 |   4 | 1685.8 |
       Dungeon |   6743 |   6291 |    452 |   3438 |   1773 |   4 | 1685.8 |
               +--------+--------+--------+--------+--------+-----+--------+

Top non-repeatable levels by time:
     D:3: 2392 daAuts
     D:1: 1826 daAuts
     D:2: 1379 daAuts
     D:4: 1145 daAuts
